 Dungeon Crawl Stone Soup version 0.18.1-50-g88ac8fd (webtiles) character file.

296 Chiseanne the Magician (level 6, 0/50 HPs)
             Began as a Centaur Air Elementalist on Oct 3, 2016.
             Slain by an orc priest
             ... wielding a +0 hand axe
              (3 damage)
             ... on level 3 of the Dungeon.
             The game lasted 00:17:23 (5187 turns).

Chiseanne the Magician (Centaur Air Elementalist)   Turns: 5187, Time: 00:17:25

Health: 0/50       AC:  5    Str: 11    XL:     6   Next: 12%
Magic:  2/10       EV: 10    Int: 19    God:
Gold:   82         SH:  4    Dex:  9    Spells: 1 memorised, 9 levels left

rFire  . . .     SeeInvis .     a - +2 dagger (venom)
rCold  . . .     Gourm    .     f - +0 robe
rNeg   . . .     Faith    .     e - +0 buckler
rPois  .         Spirit   .     (no helmet)
rElec  .         Dismiss  .     m - +0 cloak
rCorr  .         Reflect  .     (no gloves)
SustAt .         Harm     .     (no barding)
MR     .....                    (no amulet)
Stlth  +.........               (no ring)
                                q - +3 ring of intelligence

@: lethally poisoned (0 -> -5), very slightly contaminated, very quick, not
resistant to hostile enchantments, very unstealthy
A: hooves 3, deformed body, speed 2, tough skin 3
a: no special abilities


You were on level 3 of the Dungeon.
You were very hungry.

You visited 1 branch of the dungeon, and saw 3 of its levels.
You also visited: Sewer.

You collected 82 gold pieces.

Inventory:

Hand Weapons
 a - a +2 dagger of venom (weapon)
 s - a +2 dagger of chaos
 w - a cursed -1 blowgun
Missiles
 d - 3 tomahawks (quivered)
 g - 26 arrows
 i - 63 sling bullets
 k - 107 stones
 n - 16 poisoned needles
 r - 7 javelins
Armour
 e - a +0 buckler (worn)
 f - a +0 robe (worn)
 m - a +0 cloak (worn)
Jewellery
 q - a +3 ring of intelligence (left hand)
Scrolls
 h - a scroll of immolation
 l - a scroll of remove curse
Potions
 j - a potion of haste
 o - a potion of flight
 p - a potion of curing
 u - 2 potions of heal wounds {unknown}
Books
 b - a book of Air

   Spells                             Type                      Level
   a - Shock                          Conjuration/Air              1
   b - Swiftness                      Charms/Air                   2
   c - Repel Missiles                 Charms/Air                   2
   d - Static Discharge               Conjuration/Air              3
   e - Lightning Bolt                 Conjuration/Air              5
 x - a book of Debilitation

   Spells                             Type                      Level
   a - Corona                         Hexes                        1
   b - Slow                           Hexes                        2
   c - Gell's Gravitas                Hexes/Translocation          3
   d - Inner Flame                    Hexes/Fire                   3
   e - Cause Fear                     Hexes                        4
   f - Leda's Liquefaction            Hexes/Earth                  4
Comestibles
 c - a bread ration
 t - 3 fruits
 v - a slice of pizza


   Skills:
 * Level 2.6 Fighting
 * Level 2.3 Dodging
 - Level 1.2 Stealth
 - Level 2.5 Shields
 * Level 2.7 Spellcasting
 - Level 0.8 Conjurations
 - Level 2.6 Air Magic


You had 9 spell levels left.
You knew the following spells:

 Your Spells              Type           Power        Failure   Level  Hunger
a - Shock                 Conj/Air       #...         10%         1    None


Dungeon Overview and Level Annotations

Branches:
Dungeon (3/15)

Altars:
Dithmenos
Makhleb


Innate Abilities, Weirdness & Mutations

You have hooves in place of feet.
Armour fits poorly on your strangely shaped body.
You cover ground very quickly.
You have extremely tough skin (AC +3).


Message History

Confirm with . or Enter, or press ? or * to list all spells.
Aiming: Shock
Press: ? - help, Shift-Dir - straight line, f/p - adder
Aim: an adder (heavily wounded)
The zap misses the adder.
The adder bites you.
* * * LOW HITPOINT WARNING * * *
You are lethally poisoned!
The adder poisons you!
The orc priest looks braver for a moment.
Casting: Shock
Confirm with . or Enter, or press ? or * to list all spells.
Aiming: Shock
Press: ? - help, Shift-Dir - straight line, f/p - adder
Aim: an adder (heavily wounded)
The zap hits the adder.
You kill the adder!
* * * LOW HITPOINT WARNING * * *
You feel sick.
The orc priest hits you with a hand axe.
You die...

....##.........#####)###.#≈#≈##≈≈
†........<...........# #.#.#≈≈#≈#
....##....)#####.....# #.########
...###.....#_. #.....###.#.......
..# ####)##...#.......#.#.......
## #...#...#.....#.#.#.......
#...###'##.....#÷#.#...>...
#.>#.#......###.#.#.#)......
...#.......o@##..............
##..........†.##....#.#....... ..
#.###....##......#.......
###.##.##....##..##...###..###
......(##.........#...##...#
..o.........................#.
##...........................
#..#.###..................... .
.. ###..................


You could see an orc priest.

Vanquished Creatures
  A crimson imp (D:3)
  An orc wizard (D:3)
  An orc priest (D:3)
  Jessica (D:2)
  A river rat (Sewer)
  3 adders (D:3)
  An ooze (D:2)
  A worm (D:2)
  4 dart slugs (D:1)
  A giant gecko (D:3)
  10 orcs (D:3)
  A giant cockroach (D:2)
  8 goblins
  14 hobgoblins
  12 jackals
  A quokka (D:3)
  2 ball pythons
  8 bats
  4 giant newts
  9 kobolds
  42 rats
126 creatures vanquished.

Notes
Turn   | Place    | Note
--------------------------------------------------------------
     0 | D:1      | Chiseanne the Centaur Air Elementalist began the quest for the Orb.
     0 | D:1      | Reached XP level 1. HP: 14/14 MP: 3/3
   486 | D:1      | Reached XP level 2. HP: 20/20 MP: 0/4
   991 | D:1      | Reached skill level 1 in Fighting
  1484 | D:1      | Reached XP level 3. HP: 24/28 MP: 0/6
  2504 | D:2      | Noticed Jessica
  2521 | D:2      | Killed Jessica
  2521 | D:2      | Reached skill level 1 in Shields
  2521 | D:2      | Reached XP level 4. HP: 35/35 MP: 1/7
  2681 | D:2      | Wingboner: Nyah~
  2719 | D:2      | Chiseanne: hey
  2719 | D:2      | Chiseanne: whatsup?
  2782 | D:2      | Wingboner: I'm playing an AE right now too. A Ko though.
  2797 | D:2      | Wingboner: Trying to finish my fanatic achievement.
  2797 | D:2      | Chiseanne: what achievement
  2944 | D:2      | Wingboner: [20:36] !fanatic chei [20:36] Unwon races and classes for Xenobreeder with chei: Kobold, Centaur, Human, Air Elementalist, Arcane Marksman, Fire Elementalist, Hunter
  2944 | D:2      | Chiseanne: I keep getting killed with these
  2944 | D:2      | Chiseanne: is that a bleem thing? the acievements
  2944 | D:2      | Chiseanne: achievement
  3124 | D:2      | Wingboner: Kinda. Sequell thing, but beem can relay that here.
  3128 | D:2      | Chiseanne: sequell? sry I dont know much outside this window here
  3162 | D:2      | Wingboner: I guess you've unsubscribed from beem.
  3176 | D:2      | Wingboner: An IRC bot.
  3178 | D:2      | Wingboner: One of those that beem can relay.
  3178 | D:2      | Chiseanne: I did..it was kinda strange to have a spectator count while it only said bleem here haha
  3178 | D:2      | Chiseanne: if you want to look something up I can turn it on again if you like
  3178 | D:2      | Chiseanne: ah ok understand
  3178 | D:2      | Chiseanne: can Ido it here or do I have to go to a player with bleem on?
  3472 | D:3      | Found a shadowy altar of Dithmenos.
  3665 | D:3      | Found a glowing drain.
  3679 | Sewer    | Entered a sewer
  3694 | Sewer    | Reached XP level 5. HP: 18/40 MP: 8/8
  3886 | Sewer    | Noticed TBriggs11TB's ghost (novice MiBe)
  3886 | Sewer    | Chiseanne: great..red play ghosts in side areas..sucks
  4745 | D:3      | Wingboner: Yes, you do have to get it from a player that already has it, or it comes on its own if you have the most spectators.
  4748 | D:3      | Wingboner: But if you don't need it, don't call it for me.
  4748 | D:3      | Wingboner: I have my own ^_^
  4748 | D:3      | Chiseanne: ah ..-had that lately..now I understand
  4748 | D:3      | Chiseanne: hmm !bleem subscribe was right?
  4748 | D:3      | Wingboner: !beem subscribe
  4748 | D:3      | beem: User Wingboner is already subscribed
  4748 | D:3      | Chiseanne: beem
  4748 | D:3      | Chiseanne: I remember it as bleem ..beem did the trick haha
  4748 | D:3      | Chiseanne: got it
  4748 | D:3      | Wingboner: !lg chiseanne won s=god,char
  4748 | D:3      | beem: 19 games for chiseanne (won): 8x Vehumet (7x DsWz, DsWn), 3x Makhleb (DsWn, FoFi, MiMo), 3x Gozag (DsWn, MuAr, SpAs), 2x Okawaru (CeHu, CeWn), Trog (MiBe), The Shining One (MiMo), Qazlal (VSMo)
  4748 | D:3      | Chiseanne: hmm looks like I love DsWz ;-)
  4748 | D:3      | Wingboner: >7x DsWz^Veh
  4748 | D:3      | Chiseanne: :D
  4748 | D:3      | Chiseanne: I just love the mutations if they have the right ones
  4754 | D:3      | Wingboner: I like that too.
  4763 | D:3      | Paralysed by a crimson imp for 4 turns
  4768 | D:3      | Wingboner: Um.
  4770 | D:3      | Wingboner: RUn?
  4806 | D:2      | Chiseanne: wow..was that a +20 dagger of elec ?
  5048 | D:3      | Wingboner: Nah, a dagger of chaos. Rolled distortion.
  5048 | D:3      | Reached XP level 6. HP: 50/50 MP: 1/10
  5049 | D:3      | Wingboner: ??distortion
  5049 | D:3      | beem: distortion[1/5]: A weapon brand. When it hits, inflicts a random option from "1-7 bonus damage", "3-26 bonus damage", "blink", "teleport", or {banish}. When you unwield, you suffer wild translocation effects - up to 43 raw damage, banishment, teleport+confusion, or lots of glow. The probability of banishment from unwielding is 207/896, or about 23%.
  5049 | D:3      | Chiseanne: hehe I know I saw2 that
  5049 | D:3      | Chiseanne: up to 43 damage..puh
  5049 | D:3      | Wingboner: And rolled "3-26 bonus damage" on distortion.
  5049 | D:3      | Wingboner: That's miscast. Hit's less.
  5049 | D:3      | Chiseanne: thats badass
  5049 | D:3      | Wingboner: https://cdn.discordapp.com/attachments/232043022693433344/232194315642863626/2016-10-02_9.png
  5049 | D:3      | Chiseanne: goodness..that values
  5049 | D:3      | Chiseanne: 2 Million gold LOL?
  5049 | D:3      | Chiseanne: doesnt that game end with 500k turns?
  5173 | D:3      | Found a burning altar of Makhleb.
  5187 | D:3      | Slain by an orc priest

Skill      XL: |  1  2  3  4  5 |
---------------+----------------+-----
Spellcasting   | 2 |  2.7
Fighting       | 1 2 |  2.6
Shields        | 1 2 |  2.5
Dodging        | 2 |  2.3
Stealth        | |  1.2
Conjurations   | |  0.8
Air Magic      | |  2.6

Action                   |  1- 3 |  4- 6 || total
-------------------------+-------+-------++-------
Melee: Unarmed           |    14 |       ||    14
       Kick              |     8 |    24 ||    32
       Whip              |    37 |       ||    37
       Short sword       |    10 |    18 ||    28
       Dagger            |       |   143 ||   143
Throw: Tomahawk          |     5 |       ||     5
 Cast: Shock             |    88 |    86 ||   174
  Use: Scroll            |       |     7 ||     7
       Potion            |       |     1 ||     1
 Stab: Invisible         |       |     1 ||     1
  Eat: Chunk             |     6 |     8 ||    14
Armor: Robe              |    21 |    47 ||    68
Dodge: Dodged            |    59 |    86 ||   145
Block: Buckler           |     2 |    21 ||    23
